 Dungeon Sprint DCSS version 0.27-a0-1301-g128193abf8 (webtiles) character file.

Game seed: 13743426538486240323

6759 mhtbhm the Eclecticist (level 10, -13/46 HPs)
             Began as a Spriggan Earth Elementalist on June 17, 2021.
             Was a High Priest of Vehumet.
             Killed by an exploding elephant (59 damage)
             ... ignited by their inner flame
             ... in the Dungeon (Sprint IX: "|||||||||||||||||||||||||||||").
             The game lasted 00:04:42 (2834 turns).

mhtbhm the Eclecticist (SpEE)                       Turns: 2834, Time: 00:04:42

Health: -13/46     AC:  2    Str:  4    XL:     10   Next: 75%
Magic:  24/34      EV: 20    Int: 26    God:    Vehumet [*****.]
Gold:   15         SH:  0    Dex: 16    Spells: 26/47 levels left

rFire    . . .     SeeInvis +   l - +2 rapier (distort)
rCold    . . .     Faith    .   (shield restricted)
rNeg     . . .     Spirit   .   b - +0 robe
rPois    .         Reflect  .   (helmet restricted)
rElec    .         Harm     .   (no cloak)
rCorr    .         Rampage  .   (gloves unavailable)
Will     +....     NoTele   +   (boots unavailable)
Stlth    +++.......             (no amulet)
HPRegen  0.15/turn              m - +3 ring of intelligence
MPRegen  0.24/turn              n - +3 ring of intelligence

@: very quick
A: very small, no large weapons, unfitting armour, see invisible, speed 3
a: Renounce Religion


You were in the Dungeon.
You worshipped Vehumet.
Vehumet was extremely pleased with you.
You visited 1 branch You collected 15 gold pieces.

Inventory:

Hand Weapons
 l - a +2 rapier of distortion (weapon)
Missiles
 i - a stone
 q - a throwing net
Armour
 b - a +0 robe (worn)
Jewellery
 m - a +3 ring of intelligence (left hand)
 n - a +3 ring of intelligence (right hand)
Wands
 k - a wand of acid (7)
Scrolls
 h - 2 scrolls of blinking
 j - 2 scrolls of amnesia
 r - 4 scrolls of enchant armour
 s - 4 scrolls of enchant weapon
 t - a scroll of identify
Potions
 a - 2 potions of magic
 c - 5 potions of curing
 d - 7 potions of heal wounds
 e - 3 potions of haste
 f - a potion of invisibility
 g - a potion of berserk rage
 o - a potion of might
 p - 2 potions of flight


   Skills:
 + Level 1.7 Fighting
 + Level 6.1 Dodging
 + Level 6.1 Stealth
 + Level 19.4 Spellcasting
 + Level 2.8 Conjurations
 + Level 4.4 Transmutations
 + Level 0.5 Fire Magic
 + Level 15.5 Earth Magic
 + Level 2.1 Evocations


You had 26 spell levels left.
You knew the following spells:

 Your Spells              Type           Power      Damage    Failure   Level
a - Sandblast             Erth           100%       2d20      0%          1
b - Passwall              Tmut/Erth      55%        N/A       1%          2
c - Stone Arrow           Conj/Erth      100%       3d13      1%          3
d - Lee's Rapid Deconstr  Erth           41%        3d21*     1%          5
e - Petrify               Tmut/Erth      67%        N/A       1%          4
f - Inner Flame           Hex/Fire       26%        N/A       1%          3
g - Mephitic Cloud        Conj/Pois/Air  30%        N/A       1%          3

Your spell library contained the following spells:

 Spells                   Type           Power      Damage    Failure   Level
 Bolt of Magma            Conj/Fire/Erth 27%        4d13      1%          5


Dungeon Overview and Level Annotations

Branches:
Dungeon (1/1)

Altars:
Cheibriados
Dithmenos
Elyvilon
Fedhas
Gozag
Hepliaklqana
Kikubaaqudgha
Makhleb
Nemelex Xobeh
Okawaru
Qazlal
Ru
Sif Muna
Trog
Uskayaw
Vehumet
Wu Jian
Xom
Yredelemnul
Zin
The Shining One
Beogh
Jiyva
Lugonu


Innate Abilities, Weirdness & Mutations

You are very small and have problems with some larger weapons.
You are too small for most types of armour.
You have supernaturally acute eyesight. (SInv)
You cover ground extremely quickly. (Speed+++)


Message History

The elephant is engulfed in blazing flames.
Flame seeps out of the elephant.
The elephant is engulfed in blazing flames.
Casting: Inner Flame (safe; 1% risk of failure)
Confirm with . or Enter, or press ? or * to list all spells.
Aiming: Stone Arrow (safe; 1% risk of failure)
Press: ? - help, Shift-Dir - straight line, f/p - elephant
Aim: an elephant (heavily wounded, inner flame, 100% to hit)
The stone arrow hits the elephant.
Flame seeps out of the elephant.
The elephant is severely wounded.
The elephant is engulfed in blazing flames.
Flame seeps out of the elephant.
Unknown command.
The elephant is engulfed in blazing flames.
Casting: Stone Arrow (safe; 1% risk of failure)
Confirm with . or Enter, or press ? or * to list all spells.
Aiming: Stone Arrow (safe; 1% risk of failure)
Press: ? - help, Shift-Dir - straight line, f/p - elephant
Aim: an elephant (severely wounded, inner flame, 100% to hit)
The stone arrow hits the elephant!
Flame seeps out of the elephant.
The elephant is almost dead.
The elephant is engulfed in blazing flames.
Flame seeps out of the elephant.
The elephant is engulfed in blazing flames.
Unknown command.
There is an open door, spattered with blood here.
Casting: Stone Arrow (safe; 1% risk of failure)
Confirm with . or Enter, or press ? or * to list all spells.
Aiming: Stone Arrow (safe; 1% risk of failure)
Press: ? - help, Shift-Dir - straight line, f/p - elephant
Aim: an elephant (almost dead, inner flame, 100% to hit)
The stone arrow hits the elephant!
Vehumet accepts your kill.
Vehumet offers you knowledge of Bolt of Magma.
The elephant explodes!
The fiery explosion engulfs the elephant!!!
The elephant is almost dead.
The fiery explosion engulfs you!!!
Ouch! That really hurt!
You die...

▓_▓.▓.▓
▓_▓.▓Y▓
▓_▓.▓.▓
▓_▓.▓Y▓
▓_▓.▓Y▓
▓_▓.▓§▓
▓_▓.▓.▓
▓_▓.▓§▓
▓_▓.▓@▓
▓_▓.▓.▓
▓_▓.▓.▓
▓_▓.▓.▓
▓_▓.▓.▓
▓_▓.▓.▓
▓_▓.▓.▓
▓_▓.▓.▓
▓_▓.▓.▓


You could see 3 elephants.

Vanquished Creatures
  An ettin (shapeshifter) (D)
  A boulder beetle (D)
  An ugly thing (D)
  An elephant (D)
  A black mamba (D)
  A gargoyle (D)
  5 cane toads (D)
  2 komodo dragons (D)
  A troll (D)
  A polar bear (D)
  A hornet (D)
  A wraith (D)
  4 yaks (D)
  2 basilisks (D)
  An orc warrior (D)
  An ogre (D)
  4 bullfrogs (D)
  A gnoll sergeant (D)
  A hound (D)
  An adder zombie (D)
  2 orcs (D)
  A bat zombie (D)
  A giant cockroach (D)
  A jackal (D)
  A quokka (D)
  2 frilled lizards (D)
40 creatures vanquished.

Notes
Turn   | Place    | Note
-------+----------+-------------------------------------------
     0 | D        | mhtbhm the Spriggan Earth Elementalist began the quest for
                  | the Orb.
     0 | D        | Reached XP level 1. HP: 9/9 MP: 5/5
    16 | D        | Reached skill level 3 in Spellcasting
    29 | D        | Banished a spatial maelstrom
   245 | D        | Noticed an ogre
   245 | D        | Noticed a hound
   248 | D        | Reached skill level 4 in Spellcasting
   248 | D        | Reached XP level 2. HP: 13/13 MP: 4/8
   251 | D        | Reached skill level 5 in Spellcasting
   251 | D        | Reached skill level 5 in Earth Magic
   251 | D        | Reached XP level 3. HP: 14/16 MP: 1/10
   263 | D        | Killed an ogre
   264 | D        | Reached skill level 7 in Spellcasting
   264 | D        | Reached XP level 4. HP: 17/21 MP: 9/14
   280 | D        | Found a snail-covered altar of Cheibriados.
   280 | D        | Found a shadowy altar of Dithmenos.
   280 | D        | Found a white marble altar of Elyvilon.
   280 | D        | Found a blossoming altar of Fedhas.
   280 | D        | Found an opulent altar of Gozag.
   281 | D        | Found a hazy altar of Hepliaklqana.
   282 | D        | Found a viscous altar of Jiyva.
   283 | D        | Found an ancient bone altar of Kikubaaqudgha.
   284 | D        | Found a corrupted altar of Lugonu.
   285 | D        | Found a burning altar of Makhleb.
   286 | D        | Found a sparkling altar of Nemelex Xobeh.
   287 | D        | Found an iron altar of Okawaru.
   288 | D        | Found a stormy altar of Qazlal.
   289 | D        | Found a sacrificial altar of Ru.
   290 | D        | Found a shimmering blue altar of Sif Muna.
   291 | D        | Found a bloodstained altar of Trog.
   292 | D        | Found a hide-covered altar of Uskayaw.
   293 | D        | Found a radiant altar of Vehumet.
   294 | D        | Found an ornate altar of the Wu Jian Council.
   295 | D        | Found a shimmering altar of Xom.
   296 | D        | Found a basalt altar of Yredelemnul.
   297 | D        | Found a glowing silver altar of Zin.
   298 | D        | Found a glowing golden altar of the Shining One.
   301 | D        | Became a worshipper of Vehumet
   330 | D        | Learned a level 2 spell: Passwall
   334 | D        | Learned a level 3 spell: Stone Arrow
   334 | D        | Noticed a yak
   334 | D        | Noticed an orc warrior
   334 | D        | Noticed a yak
   334 | D        | Noticed a gnoll sergeant
   334 | D        | Noticed a wraith
   346 | D        | Killed a wraith
   347 | D        | Reached skill level 5 in Dodging
   347 | D        | Reached skill level 5 in Stealth
   347 | D        | Reached skill level 9 in Spellcasting
   347 | D        | Reached skill level 1 in Conjurations
   347 | D        | Reached XP level 5. HP: 25/25 MP: 0/17
   347 | D        | Reached XP level 6. HP: 29/29 MP: 0/19
   389 | D        | Reached skill level 1 in Fighting
   389 | D        | Reached skill level 10 in Spellcasting
   626 | D        | Learned a level 5 spell: Lee's Rapid Deconstruction
   631 | D        | Learned a level 4 spell: Petrify
   648 | D        | Killed a yak
   648 | D        | Reached * piety under Vehumet
   648 | D        | Offered knowledge of Magic Dart by Vehumet.
   649 | D        | Reached skill level 11 in Spellcasting
   668 | D        | Killed an orc warrior
   669 | D        | Reached XP level 7. HP: 33/33 MP: 3/23
   921 | D        | Killed a yak
   922 | D        | Reached skill level 12 in Spellcasting
   922 | D        | Reached skill level 10 in Earth Magic
   967 | D        | Offered knowledge of Searing Ray by Vehumet.
   967 | D        | Reached ** piety under Vehumet
  1095 | D        | Noticed a boulder beetle
  1095 | D        | Noticed a troll
  1095 | D        | Noticed a tarantella
  1095 | D        | Noticed a cyan ugly thing
  1095 | D        | Noticed a basilisk
  1095 | D        | Noticed a gargoyle
  1096 | D        | Noticed a death drake
  1096 | D        | a tarantella changed into a death drake
  1104 | D        | Killed a gargoyle
  1105 | D        | Reached skill level 13 in Spellcasting
  1111 | D        | Killed a cyan ugly thing
  1112 | D        | Reached skill level 14 in Spellcasting
  1112 | D        | Reached XP level 8. HP: 37/37 MP: 6/27
  1114 | D        | Noticed a merfolk
  1114 | D        | a death drake changed into a merfolk
  1117 | D        | Noticed a two-headed ogre
  1117 | D        | a merfolk changed into a two-headed ogre
  1318 | D        | Offered knowledge of Inner Flame by Vehumet.
  1496 | D        | Noticed an ettin
  1499 | D        | Killed an ettin
  1499 | D        | Reached *** piety under Vehumet
  1500 | D        | Reached skill level 15 in Spellcasting
  1500 | D        | Reached XP level 9. HP: 42/42 MP: 9/29
  1540 | D        | Learned a level 3 spell: Inner Flame
  1573 | D        | Killed a troll
  1574 | D        | Reached skill level 16 in Spellcasting
  1711 | D        | Killed a boulder beetle
  1711 | D        | Offered knowledge of Hailstorm by Vehumet.
  2038 | D        | Noticed a polar bear
  2038 | D        | Noticed a cane toad
  2042 | D        | Reached **** piety under Vehumet
  2043 | D        | Reached skill level 17 in Spellcasting
  2043 | D        | Noticed a komodo dragon
  2045 | D        | Offered knowledge of Mephitic Cloud by Vehumet.
  2047 | D        | Noticed a black mamba
  2048 | D        | Killed a cane toad
  2048 | D        | Noticed a cane toad
  2049 | D        | Reached XP level 10. HP: 46/46 MP: 8/32
  2053 | D        | Reached ***** piety under Vehumet
  2053 | D        | Killed a cane toad
  2054 | D        | Reached skill level 18 in Spellcasting
  2054 | D        | Reached skill level 1 in Evocations
  2054 | D        | Killed a black mamba
  2297 | D        | Learned a level 3 spell: Mephitic Cloud
  2303 | D        | Noticed a cane toad
  2303 | D        | Noticed an elephant
  2303 | D        | Noticed a cane toad
  2326 | D        | Offered knowledge of Spellforged Servitor by Vehumet.
  2328 | D        | Killed a cane toad
  2343 | D        | Killed an elephant
  2343 | D        | Killed a cane toad
  2344 | D        | Reached skill level 15 in Earth Magic
  2433 | D        | Reached skill level 19 in Spellcasting
  2438 | D        | Noticed a cane toad
  2682 | D        | Killed a cane toad
  2820 | D        | Noticed an elephant
  2820 | D        | Noticed an elephant
  2820 | D        | Noticed an elephant
  2820 | D        | Noticed an elephant
  2820 | D        | Noticed an elephant
  2820 | D        | Noticed an elephant
  2823 | D        | Noticed an elephant
  2834 | D        | Killed an elephant
  2834 | D        | Offered knowledge of Bolt of Magma by Vehumet.
  2834 | D        | Killed by an exploding elephant... ignited by their inner
                  | flame

Illustrated notes

Levels and vault maps discovered:
D:        linesprint [early_d, line_temple, items_1, d_10, items_2, lair_1,
          lair_end, items_3, orc_1, orc_end, items_4, d_15, swamp_1, shoals_1,
          snake_1, spider_1, d_20, vaults_1, items_5, swamp_end, shoals_end,
          snake_end, spider_end, vaults_end, d_27, items_6, zot_1, zot_end,
          crypt_end, forest_end, elf_end, slime_end, tomb_end, abyss_end,
          pan_hell_end]

Skill      XL: |  1  2  3  4  5  6  7  8  9 10 |
---------------+-------------------------------+-----
Earth Magic    | 3 5 6 8 9 11 12 14 15 | 15.5
Spellcasting   | 4 5 7 9 11 14 15 17 19 | 19.4
Dodging        | 3 4 5 6 |  6.1
Stealth        | 4 5 6 |  6.1
Conjurations   | 1 2 |  2.8
Fighting       | 1 |  1.7
Transmutations | 2 3 4 |  4.4
Evocations     | 2 |  2.1
Fire Magic     | |  0.5

Action                   |  1- 3 |  4- 6 |  7- 9 | 10-12 || total
-------------------------+-------+-------+-------+-------++-------
Melee: Rapier            |       |       |       |     1 ||     1
 Cast: Sandblast         |    16 |     4 |     6 |     3 ||    29
       Stone Arrow       |       |     4 |     3 |     6 ||    13
       Lee's Rapid Decon |       |     4 |    22 |    15 ||    41
       Petrify           |       |       |     3 |     4 ||     7
       Inner Flame       |       |       |       |     2 ||     2
Evoke: Wand              |       |       |       |     3 ||     3
  Use: Potion            |     2 |       |       |       ||     2
Armor: Robe              |     4 |       |       |       ||     4
Dodge: Dodged            |       |     2 |       |     9 ||    11

Table legend: (Time is in decaauts)
 A = Elapsed time spent in this place.
 B = Non-inter-level travel time spent in this place.
 C = Inter-level travel time spent in this place.
 D = Time resting spent in this place.
 E = Time spent auto-exploring this place.
 F = Levels seen in this place.
 G = Mean time per level.
                   A        B        C        D        E       F      G
               +--------+--------+--------+--------+--------+-----+--------+
         Total |   2626 |   2626 |      0 |   2021 |    253 |   1 | 2626.0 |
       Dungeon |   2626 |   2626 |      0 |   2021 |    253 |   1 | 2626.0 |
               +--------+--------+--------+--------+--------+-----+--------+

Top non-repeatable levels by time:
       D: 2626 daAuts
